 Dungeon Crawl Stone Soup version 0.23.2-1-ga50397a6bc (webtiles) character file.

Game seed: 12009117408310926068

39 Gordogan the Ducker (level 3, -2/17 HPs)
             Began as a Felid Monk on May 2, 2019.
             Killed by nerve-wracking pain
             ... invoked by a shadow imp
              (13 damage)
             ... on level 2 of the Dungeon.
             The game lasted 00:07:46 (1062 turns).

Gordogan the Ducker (Felid Monk)                    Turns: 1062, Time: 00:07:53

Health: -2/17      AC:  1    Str:  8    XL:     3   Next: 26%
Magic:  4/4        EV: 20    Int: 11    God:
Gold:   17         SH:  0    Dex: 18    Spells: 2/2 levels left
                                        Lives:  0   Deaths: 0

rFire    . . .     SeeInvis +     - Unarmed
rCold    . . .     Gourm    .   (shield unavailable)
rNeg     . . .     Faith    .   (armour unavailable)
rPois    .         Spirit   .   (helmet unavailable)
rElec    .         Reflect  .   (cloak unavailable)
rCorr    .         Harm     +   (gloves unavailable)
MR       +....                  (boots unavailable)
Stlth    +++.......             b - amulet of harm
HPRegen  0.05/turn              i - ring of protection from magic
MPRegen  0.09/turn              (no ring)

@: quick
A: very small, no armour, no weapons or thrown items, stealth, claws 1, fangs 3,
see invisible, carnivore, speed 1, shaggy fur 1, slow metabolism 1, sharp paws
a: no special abilities


You were on level 2 of the Dungeon.
You were completely stuffed.

You visited 1 branch of the dungeon, and saw 2 of its levels.

You collected 17 gold pieces.

Inventory:

Jewellery
 b - an amulet of harm (around neck)
 i - a ring of protection from magic (left paw)
Scrolls
 d - a scroll of teleportation
Potions
 f - a potion of brilliance {unknown}
 g - a potion of heal wounds {unknown}
 k - a potion of degeneration {unknown}
Comestibles
 a - a ration
 c - 2 chunks of flesh


   Skills:
 + Level 3.2 Fighting
 + Level 4.6 Dodging
 + Level 3.1 Stealth
 + Level 3.6 Unarmed Combat


You had 2 spell levels left.
You didn't know any spells.
Your spell library was empty.

Dungeon Overview and Level Annotations

Branches:
Dungeon (2/15)

Altars:


Innate Abilities, Weirdness & Mutations

You cannot wear armour.
You are incapable of wielding weapons or throwing items.
Your paws allow you to move quietly. (Stealth)
You have sharp claws.
You have razor-sharp teeth.
You have supernaturally acute eyesight. (SInv)
You are carnivorous and can eat meat at any time.
You cover ground quickly.
You are covered in fur. (AC +1)
You have a slow metabolism.
Your sharp claws are effective at attacking unaware monsters.


Message History

A leopard gecko comes into view.
The shadow imp shouts, "Scamper home, thou froward motley-minded Cock-Lorel!"
The leopard gecko hisses angrily.
There is an open door here.
You scratch the shadow imp. You bite the shadow imp.
The shadow imp is severely wounded.
The shadow imp hits you.
You closely miss the shadow imp.
The shadow imp is severely wounded.
The shadow imp misses you.
You scratch the shadow imp.
The shadow imp is almost dead.
The leopard gecko misses you. The shadow imp misses you.
You barely miss the shadow imp.
The shadow imp is almost dead.
The leopard gecko bites you. The shadow imp gestures at you.
Pain shoots through your body!
Ouch! That really hurt!
You die...

#.### ####...
##...... #......#
#......# #......#
#...l5r# ### #@#
#<# #.# #.#
#.##### #.#
#.#...# #.#
########.#.#.# #.#
...........#.# #.#
.#######.###.###.#
#.......#.#
#####.#.#.#


You could see a shadow imp, a leopard gecko and a rat.

Vanquished Creatures
  An adder (D:2)
  A dart slug (D:1)
  2 leopard geckos (D:1)
  A ball python (D:1)
  2 giant cockroaches (D:1)
  3 hobgoblins (D:1)
  3 bats (D:1)
  6 goblins (D:1)
  2 kobolds (D:1)
  3 rats (D:1)
24 creatures vanquished.

Notes
Turn   | Place    | Note
-------+----------+-------------------------------------------
     0 | D:1      | Gordogan the Felid Monk began the quest for the Orb.
     0 | D:1      | Reached XP level 1. HP: 10/10 MP: 2/2
   293 | D:1      | Reached XP level 2. HP: 13/14 MP: 3/3
   626 | D:1      | Reached XP level 3. HP: 17/17 MP: 4/4
  1062 | D:2      | Killed from afar by a shadow imp

Skill      XL: |  1  2 |
---------------+-------+-----
Stealth        | 3 |  3.1
Fighting       | |  3.2
Dodging        | |  4.6
Unarmed Combat | |  3.6

Action                   || total
-------------------------++-------
Melee: Unarmed           ||    60
       Bite              ||     9
  Use: Scroll            ||     6
 Stab: Sleeping          ||     4
  Eat: Chunk             ||     7
Armor: Skin              ||     1
Dodge: Dodged            ||    56
